 Dungeon Crawl Stone Soup version 0.31-a0-557-g6e16503903 (webtiles) character file.

Game seed: 4161781486547486304

37848 jasper the Placeless Spriggan (level 13, -4/72 HPs)
             Began as a Spriggan Earth Elementalist on Aug 11, 2023.
             Was a High Priest of Ashenzari.
             Slain by a black mamba (11 damage)
             ... on level 3 of the Lair of Beasts on Aug 16, 2023.
             The game lasted 00:27:04 (16982 turns).

jasper the Placeless Spriggan (SpEE)               Turns: 16982, Time: 00:27:04

Health: -4/72      AC: 11    Str:  4    XL:     13   Next: 60%
Magic:  15/28      EV: 23    Int: 26    God:    Ashenzari [*****.]
Gold:   670        SH:  0    Dex: 17    Spells: 2/32 levels left

rFire   . . .        y - +8 trishula "Condemnation" {holy, anguish, *Noise Fly rN+, Comp, Self} (curse)
rCold   . . .        (shield currently unavailable)
rNeg    + . .        Q - +0 steam dragon scales "Yoke of the Bound Seer" {Range, Melee} (curse)
rPois   .            (helmet restricted)
rElec   .            i - +1 cloak "Tethered Together" {Fort, Range} (curse)
rCorr   .            (gloves unavailable)
SInv    +            (boots unavailable)
Will    ++...        (no amulet)
Stlth   ++           c - ring "Profound Annoyance" {Int+6, Self, Bglg} (curse)
HPRegen 0.32/turn    v - ring of the Ruined Bitterness {AC+4, Elem, Melee} (curse)
MPRegen 0.21/turn

%: clarity
@: forested, flying, very quick
A: very small, no large weapons, unfitting armour, see invisible, speed 3
a: Renounce Religion, Curse Item, Shatter the Chains


You were on level 3 of the Lair of Beasts.
You worshipped Ashenzari.
Ashenzari was extremely pleased with you.
You visited 4 branches of the dungeon, and saw 18 of its levels.
You also visited: Gauntlet.

You collected 1559 gold pieces.
You spent 889 gold pieces at shops.

Inventory:

Hand Weapons
 e - a +1 mace of holy wrath
 j - a +0 whip
 k - a +0 quarterstaff of flaming
 p - a +0 whip of venom
 y - the cursed +8 trishula "Condemnation" (weapon) {holy, anguish, *Noise Fly rN+, Comp, Self}
   (You found it on level 6 of the Dungeon)

   rN+:       It protects you from negative energy.
   Fly:       It grants you flight.
   *Noise:    It may make a loud noise when swung.
   It has a curse which improves the following skills: Companions: Summonings
   and Necromancy.
   Introspection: Fighting and Spellcasting.
Missiles
 h - 161 stones
 r - 33 poisoned darts
 E - 2 throwing nets
Armour
 a - a +0 robe
 d - a +0 buckler
 i - the cursed +1 cloak "Tethered Together" (worn) {Fort, Range}
   (You found it on level 2 of the Dungeon)

   It has a curse which improves the following skills: Fortitude: Armour and
   Shields.
   Ranged Combat: Ranged Weapons and Throwing.
 J - a +1 robe of fire resistance
 Q - the cursed +0 steam dragon scales "Yoke of the Bound Seer" (worn) {Range, Melee}
   (You took it off Maggie on level 2 of the Lair of Beasts)

   It has a curse which improves the following skills: Ranged Combat: Ranged
   Weapons and Throwing.
   Melee Combat: Short Blades, Long Blades, Axes, Maces & Flails, Polearms,
   Staves and Unarmed Combat.
Jewellery
 c - the cursed ring "Profound Annoyance" (left hand) {Int+6, Self, Bglg}
   (You found it on level 3 of the Dungeon)

   [ring of intelligence]

   Int+6:     It affects your intelligence (+6).
   It has a curse which improves the following skills: Introspection: Fighting
   and Spellcasting.
   Beguiling: Conjurations, Hexes and Translocations.
 l - a +6 ring of strength
 v - the cursed ring of the Ruined Bitterness (right hand) {AC+4, Elem, Melee}
   (You found it on level 6 of the Dungeon)

   [ring of protection]

   AC+4:      It affects your AC (+4).
   It has a curse which improves the following skills: Elements: Fire Magic, Ice
   Magic, Air Magic and Earth Magic.
   Melee Combat: Short Blades, Long Blades, Axes, Maces & Flails, Polearms,
   Staves and Unarmed Combat.
 G - a ring of protection from fire
 N - a +6 ring of strength
 P - a ring of wizardry
Wands
 B - a wand of charming (17)
 I - a wand of digging (7)
 K - a wand of roots (7)
Scrolls
 f - 5 scrolls of teleportation
 u - 11 scrolls of identify
 x - 2 scrolls of fog
 A - 2 scrolls of fear
 C - 3 scrolls of enchant weapon
 D - a scroll of immolation
 H - 2 scrolls of poison
 M - a scroll of blinking
 R - a scroll of vulnerability
Potions
 b - 2 potions of magic
 g - a potion of lignification
 m - 2 potions of ambrosia
 n - 5 potions of curing
 o - 3 potions of heal wounds
 q - 3 potions of mutation
 s - 2 potions of might
 t - 2 potions of invisibility
 w - 3 potions of attraction
 z - a potion of enlightenment
 F - 2 potions of brilliance
 O - 2 potions of haste


   Skills:
 - Level 6.8(10.0) Fighting
 - Level 10.8(14.0) Polearms
 - Level 10.0 Dodging
 - Level 3.0 Stealth
 - Level 6.8(10.0) Spellcasting
 - Level 6.0(8.1) Hexes
 + Level 7.9(10.1) Summonings
 - Level 11.3(13.4) Translocations
 - Level 1.3 Transmutations
 - Level 7.2(9.4) Earth Magic


You had 2 spell levels left.
You knew the following spells:

 Your Spells              Type           Power      Damage    Failure   Level
a - Sandblast             Erth           100%       2d20      1%          1
b - Passwall              Tmut/Erth      34%        N/A       1%          2
c - Stone Arrow           Conj/Erth      76%        3d11      1%          3
d - Summon Forest         Summ/Tloc      32%        N/A       1%          5
e - Summon Hydra          Summ           30%        N/A       52%         7
f - Monstrous Menagerie   Summ           30%        N/A       52%         7
g - Summon Mana Viper     Hex/Summ       57%        N/A       3%          5

Your spell library contained the following spells:

 Spells                   Type           Power      Damage    Failure   Level
 Ensorcelled Hibernation  Hex/Ice        70%        N/A       1%          2
 Sting                    Tmut/Pois      64%        1d6       3%          1
 Foxfire                  Conj/Fire      56%        2x1d6     4%          1
 Wereblood                Tmut           20%        N/A       4%          2
 Poisonous Vapours        Pois/Air       26%        N/A       7%          2
 Volatile Blastmotes      Fire/Tloc      96%        2d18      1%          3
 Manifold Assault         Tloc           70%        N/A       1%          4
 Iskenderun's Mystic Bla  Conj/Tloc      48%        2d11      2%          4
 Dispersal                Tloc           35%        N/A       2%          6
 Petrify                  Tmut/Erth      41%        N/A       4%          4
 Summon Ice Beast         Ice/Summ       40%        N/A       5%          4
 Fulminant Prism          Conj/Hex       17%        3d11      9%          4
 Ozocubu's Armour         Ice            14%        N/A       12%         3
 Swiftness                Air            14%        N/A       12%         3
 Borgnjor's Vile Clutch   Necr/Erth      19%        N/A       17%         5
 Metabolic Englaciation   Hex/Ice        17%        N/A       22%         5
 Olgreb's Toxic Radiance  Pois           13%        N/A       41%         4
 Alistair's Intoxication  Tmut/Pois      10%        N/A       67%         5
 Irradiate                Conj/Tmut      8%         3d14      67%         5
 Disjunction              Tloc           35%        N/A       77%         8
 Eringya's Noxious Bog    Tmut/Pois      8%         4d6       99%         6
 Plasma Beam              Fire/Air       7%         2x1d17    99%         6
 Simulacrum               Ice/Necr       7%         N/A       99%         6
 Starburst                Conj/Fire      7%         6d4       99%         6


Dungeon Overview and Level Annotations

Branches:
Dungeon (11/15)            Temple (1/1) D:7            Lair (4/5) D:10
 Shoals (0/4) Lair:3        Snake (0/4) Lair:3          Orc (2/2) D:11
    Elf (0/3) Orc:2       Gauntlet (visited)
  Slime: Lair:4-5

Altars:
Ashenzari
Cheibriados
Dithmenos
Elyvilon
Fedhas
Gozag
Hepliaklqana
Kikubaaqudgha
Makhleb
Nemelex Xobeh
Okawaru
Qazlal
Ru
Sif Muna
Trog
Uskayaw
Vehumet
Wu Jian
Xom
Yredelemnul
Zin
The Shining One

Shops:
D:8 (   Orc:2 *:([

Annotations:
D:6 Duvessa
Lair:1 exclusion: oklob plant


Innate Abilities, Weirdness & Mutations

You are very small and have problems with some larger weapons.
You are too small for most types of armour.
You have supernaturally acute eyesight. (SInv)
You cover ground extremely quickly. (Speed+++)


Message History

Aim: a black mamba (severely wounded, not watching you, ally target, about 36% to evade the cursed +8 trishula "Condemnation")
You reach to attack!
You miss the black mamba.
The black mamba is severely wounded.
The cane toad stings something!
The forest abruptly stops moving.
The vines fall limply to the ground.
Casting: Summon Mana Viper (dangerous; 3% risk of failure)
Confirm with . or Enter, or press ? or * to list all spells.
You can only summon one forest at a time.
The black mamba misses you.
Your mana viper bites the black mamba.
The black mamba bites your mana viper!!
Found a +5 ring of evasion.
Your mana viper bites the black mamba but does no damage.
The black mamba bites your mana viper!!
Your mana viper dies!
Your mana viper disappears in a puff of smoke!
A yak comes into view.
The black mamba hisses angrily.
Reach: y) +8 trishula "Condemnation" {holy, anguish, *Noise Fly rN+, Comp, Self} (curse)
Press: ? - help, Dir - move target, f/p - black mamba
Aim: a black mamba (purple smoke, severely wounded, about 36% to evade the cursed +8 trishula "Condemnation")
You reach to attack!
You barely miss the black mamba.
The black mamba is severely wounded.
The black mamba attacks as you move away!
The black mamba closely misses you.
The yak bellows!
You hear a bellow!
There is an escape hatch in the ceiling here.
The black mamba bites you.
You are poisoned.
The black mamba poisons you! The cane toad misses you.
The black mamba barely misses you. A mysterious force pulls you upwards.
The hatch slams shut behind you.
You feel very sick.
You take 6 damage, and have 29/72 hp.
Casting: Summon Forest (dangerous; 1% risk of failure)
Confirm with . or Enter, or press ? or * to list all spells.
You can only summon one forest at a time.
You feel better. The black mamba bites you! The cane toad stings you!
* * * LOW HITPOINT WARNING * * *
The black mamba bites you!
You die...

.###......#.#####.#
...#.#+.##.....####
...#......#...##
..#.#...#.#....#
..#.#.....#...##
..#.#.♣...#....##
....#.....#.....##
..#.#...#........##
...#......##P...@.####
#..##'#.######.S.F...#
##......# ##.....##
#####P## #......## ###
###.....## ##.....##
##.....## #P.....##
###.....##


You could see a black mamba and a cane toad.

Vanquished Creatures
  An orc high priest (Orc:2)
  The ghost of justen the Ruffian, a novice TrSh (D:6)
  3 orc knights
  The ghost of randomguy2701 the Reanimator, a novice DENe (D:7)
  A harpy (Lair:3)
  A black mamba (Lair:3)
  A gargoyle (D:10)
  3 cane toads
  2 komodo dragons
  2 trolls
  2 polar bears
  Prince Ribbit (D:5)
  Sigmund (D:2)
  5 wyverns
  5 yaks
  4 basilisks
  A steam dragon (Lair:2)
  2 vampire mosquitoes (D:11)
  A warg (Orc:1)
  8 water moccasins
  9 orc warriors
  An ice beast (D:7)
  A sky beast (D:7)
  2 ogres
  5 centaurs
  A wolf (Lair:2)
  2 kobold brigands
  Blork the orc (Orc:2)
  4 bullfrogs
  A scorpion (D:5)
  5 wights (D:9)
  Dowan (D:6)
  5 howler monkeys
  A quasit (D:8)
  6 hounds
  A jelly (D:8)
  2 gnoll boudas
  10 orc priests
  2 iguanas
  Jessica (D:3)
  A sleepcap (D:8)
  11 orc wizards
  10 gnolls
  7 adders
  2 shadow imps
  6 white imps
  An ufetubus (D:8)
  2 worms (D:3)
  A dart slug (D:3)
  38 orcs
  7 ball pythons
  4 bats
  9 endoplasms
  3 giant cockroaches (D:3)
  2 goblins
  7 hobgoblins
  12 kobolds
  3 quokkas
  5 frilled lizards
  2 rats
240 creatures vanquished.

Vanquished Creatures (collateral kills)
  An orc warlord (Orc:2)
  A hydra (Lair:3)
  4 two-headed ogres
  2 death yaks (Lair:1)
  A harpy (Lair:3)
  2 orc knights (Orc:2)
  2 orc sorcerers (Orc:2)
  3 black mambas
  2 cane toads (Lair:3)
  A gargoyle (D:10)
  Maggie (Lair:2)
  2 komodo dragons
  A hornet (D:10)
  5 blink frogs (Lair:3)
  2 wyverns
  43 yaks
  A basilisk (Lair:1)
  2 wargs (Orc:2)
  2 vampire mosquitoes (D:11)
  6 water moccasins
  10 orc warriors
  3 ogres
  4 wolves (Lair:2)
  2 kobold brigands
  2 bullfrogs
  3 wights (D:9)
  A jelly (D:8)
  5 orc priests
  7 orc wizards
  4 gnolls (Orc:1)
  An ufetubus (D:8)
  26 orcs
  6 kobolds
158 creatures vanquished.

Vanquished Creatures (others)
  A death yak (Lair:1)
  3 black mambas
  A cane toad (Lair:2)
  A komodo dragon (D:10)
  A troll (D:10)
  A polar bear (Lair:1)
  2 yaks
  A basilisk (Lair:1)
  A steam dragon (D:10)
  A water moccasin (Lair:1)
  An orc warrior (Orc:1)
  A wolf (Lair:2)
  A wight (D:9)
  7 snaplasher vines
23 creatures vanquished.

Grand Total: 421 creatures vanquished

Notes
Turn   | Place    | Note
-------+----------+-------------------------------------------
     0 | D:1      | jasper the Spriggan Earth Elementalist began the quest for
                  | the Orb.
     0 | D:1      | Reached XP level 1. HP: 9/9 MP: 5/5
   192 | D:1      | Reached XP level 2. HP: 13/13 MP: 2/7
   531 | D:1      | Upgraded the game from 0.31-a0-523-g071a6c1ffa to
                  | 0.31-a0-557-g6e16503903
   554 | D:1      | Reached XP level 3. HP: 16/16 MP: 6/8
   557 | D:1      | Learned a level 2 spell: Passwall
   561 | D:1      | Learned a level 3 spell: Stone Arrow
  1274 | D:2      | Noticed Sigmund
  1286 | D:2      | Killed Sigmund
  1287 | D:2      | Reached skill level 5 in Earth Magic
  1287 | D:2      | Reached XP level 4. HP: 15/21 MP: 2/9
  1287 | D:2      | Reached XP level 5. HP: 17/24 MP: 2/10
  1466 | D:2      | Found a faded altar of an unknown god.
  1672 | D:2      | You fall into a shaft and drop 1 floor!
  2019 | D:3      | Noticed Jessica
  2035 | D:3      | Killed Jessica
  2036 | D:3      | Reached XP level 6. HP: 28/28 MP: 9/11
  3565 | D:5      | Entered Level 5 of the Dungeon
  3874 | D:5      | Reached XP level 7. HP: 29/32 MP: 7/12
  3880 | D:5      | Learned a level 5 spell: Summon Forest
  3957 | D:5      | Reached skill level 1 in Translocations
  3959 | D:5      | Reached skill level 1 in Summonings
  3959 | D:5      | Reached skill level 2 in Translocations
  4215 | D:5      | Noticed Prince Ribbit
  4219 | D:5      | Killed Prince Ribbit
  4220 | D:5      | Reached skill level 4 in Translocations
  4527 | D:5      | Reached skill level 5 in Translocations
  4769 | D:6      | Reached XP level 8. HP: 36/36 MP: 7/13
  5119 | D:6      | Reached skill level 6 in Translocations
  5352 | D:6      | Reached skill level 7 in Translocations
  5772 | D:6      | Found a runed translucent door.
  5773 | D:6      | Noticed justen's ghost (novice TrSh)
  5773 | D:6      | Found the +8 trishula "Condemnation" {holy, anguish, *Noise
                  | Fly rN+}
  5831 | D:6      | Killed justen's ghost
  5832 | D:6      | Reached skill level 5 in Summonings
  5832 | D:6      | Reached skill level 9 in Translocations
  5832 | D:6      | Reached XP level 9. HP: 36/39 MP: 7/14
  5956 | D:7      | Noticed Duvessa
  5956 | D:7      | Noticed Dowan
  5965 | D:6      | Killed Dowan
  6035 | D:7      | Found a runed translucent door.
  6035 | D:7      | Noticed randomguy2701's ghost (novice DENe)
  6170 | D:7      | Found a staircase to the Ecumenical Temple.
  6182 | D:7      | Reached skill level 10 in Translocations
  6184 | Temple   | Entered the Ecumenical Temple
  6236 | Temple   | Became a worshipper of Ashenzari the Shackled
  7030 | D:7      | Killed randomguy2701's ghost
  7031 | D:7      | Reached skill level 11 in Translocations
  7133 | D:8      | Noticed a two-headed ogre
  7144 | D:8      | Killed a two-headed ogre
  7145 | D:8      | Reached skill level 1 in Fighting
  7147 | D:8      | Reached skill level 5 in Spellcasting
  7159 | D:8      | Reached XP level 10. HP: 36/46 MP: 6/18
  7505 | D:8      | Found Qoit's Weapon Shop.
  7536 | D:8      | Reached skill level 1 in Polearms
  7540 | D:8      | Reached skill level 5 in Dodging
  8267 | D:9      | Noticed a two-headed ogre
  8273 | D:9      | Killed a two-headed ogre
  8315 | D:9      | Reached * piety under Ashenzari
  8315 | D:9      | Identified a scroll of acquirement
  8464 | D:9      | Acquired a book of the Warp
  8616 | D:9      | Reached XP level 11. HP: 56/56 MP: 16/21
  9118 | D:10     | Entered Level 10 of the Dungeon
  9132 | D:10     | Reached skill level 5 in Fighting
  9467 | D:10     | Found a bloodstained altar of Trog.
  9623 | D:10     | Reached ** piety under Ashenzari
  9623 | D:10     | Reached *** piety under Ashenzari
  9632 | D:10     | Learned a level 7 spell: Summon Hydra
  9637 | D:10     | Learned a level 4 spell: Manifold Assault
  9677 | D:10     | Found a staircase to the Lair.
  9944 | D:11     | Noticed a two-headed ogre
  9948 | D:11     | Killed a two-headed ogre
 10106 | D:11     | Reached skill level 5 in Polearms
 10154 | D:11     | Found a staircase to the Orcish Mines.
 10173 | D:11     | Reached skill level 10 in Dodging
 10361 | D:11     | Reached **** piety under Ashenzari
 10906 | Orc:1    | Entered Level 1 of the Orcish Mines
 11085 | Orc:1    | Noticed an orc knight
 11100 | Orc:1    | Killed an orc knight
 11453 | Orc:2    | Entered Level 2 of the Orcish Mines
 11461 | Orc:2    | Noticed an orc knight
 11473 | Orc:2    | Killed an orc knight
 11482 | Orc:2    | Found a gate leading to a gauntlet.
 11493 | Gauntlet | Entered a Gauntlet
 11493 | Gauntlet | Found a large runed translucent door.
 11493 | Gauntlet | Found a large runed translucent door.
 11493 | Gauntlet | Found a large runed translucent door.
 11493 | Gauntlet | Found a large runed translucent door.
 11493 | Gauntlet | Found a large runed translucent door.
 11493 | Gauntlet | Found a transporter.
 11493 | Gauntlet | Found a large runed translucent door.
 11493 | Gauntlet | Found a large runed translucent door.
 11493 | Gauntlet | Found a large runed translucent door.
 11493 | Gauntlet | Found a runed translucent door.
 11493 | Gauntlet | Found a runed translucent gate.
 11493 | Gauntlet | Found a runed translucent gate.
 11493 | Gauntlet | Found a transporter.
 11493 | Gauntlet | Found a transporter.
 11494 | Gauntlet | Reached ***** piety under Ashenzari
 11523 | Gauntlet | Found a runed translucent door.
 11524 | Gauntlet | Found a large runed translucent door.
 11524 | Gauntlet | Found a large runed translucent door.
 11524 | Gauntlet | Found a large runed translucent door.
 11524 | Gauntlet | Found a large runed translucent door.
 11525 | Gauntlet | Found a large runed translucent door.
 11526 | Gauntlet | Found a large runed translucent door.
 11535 | Gauntlet | Found a large runed translucent door.
 11535 | Gauntlet | Found a large runed translucent door.
 11536 | Gauntlet | Found a runed translucent gate.
 11542 | Gauntlet | Found a transporter.
 11552 | Gauntlet | Found a transporter.
 11554 | Gauntlet | Found a transporter.
 11564 | Gauntlet | Found a transporter.
 11564 | Gauntlet | Noticed an obsidian statue
 11573 | Gauntlet | Identified the ring of Life {Wiz rF+}
 11582 | Gauntlet | Noticed a sixfirhy
 11582 | Gauntlet | Identified the ring "Papoat" {rElec rPois rN+ Will- Dex+3}
 11584 | Gauntlet | Found a transporter.
 11587 | Gauntlet | Identified the +5 flail of Jiorepn {flame, rElec Will+
                  | Int+3 Dex+3}
 11588 | Gauntlet | Noticed a sixfirhy
 11590 | Gauntlet | Noticed a sixfirhy
 11599 | Gauntlet | Found a transporter.
 11601 | Gauntlet | Noticed a sixfirhy
 11602 | Gauntlet | Found a transporter.
 11606 | Gauntlet | Found a runed translucent door.
 11610 | Gauntlet | Found a transporter.
 11613 | Gauntlet | Found a transporter.
 11646 | Gauntlet | Found a runed translucent door.
 11701 | Orc:2    | Noticed an orc knight
 11710 | Orc:2    | Noticed an orc knight
 11713 | Orc:2    | Noticed an orc high priest
 11718 | Orc:2    | Noticed a sun demon
 11718 | Orc:2    | Noticed Blork the orc
 11720 | Orc:2    | Killed an orc high priest
 11731 | Orc:2    | Killed an orc knight
 11732 | Orc:2    | Reached XP level 12. HP: 36/70 MP: 11/26
 11735 | Orc:2    | Killed Blork the orc
 11747 | Orc:2    | Found a staircase to the Elven Halls.
 11780 | Orc:2    | Noticed a two-headed ogre
 11790 | Orc:2    | Killed a two-headed ogre
 11939 | Orc:2    | Noticed an orc warlord
 11953 | Orc:2    | Killed an orc warlord
 12052 | Orc:2    | Found Bugedd's General Store.
 12062 | Orc:2    | Found Zopn's Antique Weapon Shoppe.
 12069 | Orc:2    | Found Keozeh's Antique Armour Shoppe.
 12085 | Orc:2    | Bought a buckler for 121 gold pieces
 12115 | Orc:2    | Bought a scroll of immolation for 64 gold pieces
 12115 | Orc:2    | Bought a potion of curing for 48 gold pieces
 12115 | Orc:2    | Bought a scroll of teleportation for 48 gold pieces
 12575 | Orc:2    | Found Idufihod's Book Shoppe.
 12581 | Orc:2    | Bought a book of Beasts for 608 gold pieces
 12587 | Orc:2    | Learned a level 5 spell: Summon Mana Viper
 13104 | Lair:1   | Entered Level 1 of the Lair of Beasts
 13116 | Lair:1   | Reached skill level 1 in Hexes
 13583 | Lair:1   | Found a sacrificial altar of Ru.
 13700 | Lair:1   | Noticed a death yak
 13703 | Lair:1   | Noticed a death yak
 13706 | Lair:1   | Killed a death yak
 13707 | Lair:1   | Noticed a death yak
 13711 | Lair:1   | Killed a death yak
 13712 | Lair:1   | Reached skill level 5 in Hexes
 13713 | Lair:1   | Killed a death yak
 14535 | Lair:2   | Reached XP level 13. HP: 74/74 MP: 19/27
 14583 | Lair:2   | Noticed Maggie
 14594 | Lair:2   | Killed Maggie
 14598 | Lair:2   | Reached skill level 10 in Polearms
 15977 | Lair:3   | Found a staircase to the Shoals.
 16187 | Lair:3   | Learned a level 7 spell: Monstrous Menagerie
 16402 | Lair:3   | Found a staircase to the Snake Pit.
 16561 | Lair:3   | Found the +8 storm bow {elec, penet}
 16982 | Lair:3   | Slain by a black mamba

Illustrated notes

Levels and vault maps discovered:
D:1:      dpeg_arrival_tiny_a, layout_basic
D:2:      layout_loops_cross, chequers_ecumenical_altar_twisty, uniq_sigmund
D:3:      layout_loops_ring, st_stairs_10, hex_large, uniq_jessica
D:4:      layout_loops_ring
D:5:      layout_loops_ring, hangedman_abyss_or_decor_slice, uniq_prince_ribbit1
D:6:      layout_basic, ebering_ghost_inner_flame, grunt_ministairs_12
D:7:      layout_loops_ring, minmay_temple_entry_tees, gammafunk_ghost_grave,
          uniq_duvessa
D:8:      layout_rooms, serial_demonic, serial_demonic_d, serial_demonic_b,
          serial_demonic_g, serial_demonic_d, serial_shops, nicolae_diamond_shop
D:9:      layout_cave_pods, grunt_ogre_cave
D:10:     layout_cross, bloody_trog, erik_lair_dragon
D:11:     layout_gridville, orc_0_dummy
Temple:   roderic_octagonal_lattice_temple
Lair:1:   layout_regular_city, lemuel_oklob_altar, infiniplex_staircase_pool_2
Lair:2:   layout_layer_cave, uniq_maggie
Lair:3:   layout_hall_layers, nicolae_shoals_entry_roost,
          minmay_snake_entry_six_corridors, serial_bayou_shore_b,
          grunt_megastairs_1, serial_bayou_shore_b, infiniplex_staircase_pool
Lair:4:   layout_hall_layers, dpeg_slime_entry_corner, lemuel_fruit_fields,
          serial_bayou_shore_a, serial_bayou_shore_b
Orc:1:    layout_diamond_mine
Orc:2:    grunt_orc_cross, layout_caves, gauntlet_entry_generic

Skill      XL: |  1  2  3  4  5  6  7  8  9 10 11 12 13 |
---------------+----------------------------------------+-----
Spellcasting   | 3 5 6 |  6.8
Earth Magic    | 3 5 6 7 |  7.2
Translocations | 5 9 11 | 11.3
Summonings     | 3 5 6 7 |  7.9
Fighting       | 1 4 6 |  6.8
Dodging        | 4 8 10 | 10.0
Polearms       | 3 6 9 10 | 10.8
Hexes          | 6 |  6.0
Stealth        | |  3.0
Transmutations | |  1.3

Action                     |  1- 3 |  4- 6 |  7- 9 | 10-12 | 13-15 || total
---------------------------+-------+-------+-------+-------+-------++-------
  Melee: Trishula          |       |       |     2 |   244 |   109 ||   355
  Throw: Stone             |       |     5 |     2 |       |       ||     7
   Cast: Sandblast         |    42 |    74 |   142 |    60 |       ||   318
         Summon Forest     |       |       |     2 |    33 |     9 ||    44
         Manifold Assault  |       |       |       |    14 |     2 ||    16
         Summon Mana Viper |       |       |       |     2 |    12 ||    14
 Invoke: Curse Item        |       |       |       |     5 |     1 ||     6
         Shatter the Chain |       |       |       |       |     1 ||     1
  Evoke: Wand              |       |       |       |     9 |       ||     9
    Use: Scroll            |       |     7 |     3 |     4 |     1 ||    15
         Potion            |       |       |       |       |     2 ||     2
   Stab: Distracted        |       |       |       |     5 |     2 ||     7
         Sleeping          |       |       |       |     1 |       ||     1
 Armour: Robe              |     1 |     4 |    17 |    31 |       ||    53
         Steam dragon scal |       |       |       |       |    10 ||    10
  Dodge: Dodged            |     9 |    11 |    81 |   186 |    96 ||   383

Table legend: (Time is in decaauts)
 A = Elapsed time spent in this place.
 B = Non-inter-level travel time spent in this place.
 C = Inter-level travel time spent in this place.
 D = Time resting spent in this place.
 E = Time spent auto-exploring this place.
 F = Levels seen in this place.
 G = Mean time per level.
                   A        B        C        D        E       F      G
               +--------+--------+--------+--------+--------+-----+--------+
         Total |  12751 |  12235 |    516 |    558 |   9610 |  19 |  671.1 |
       Dungeon |   8435 |   8106 |    329 |    466 |   6383 |  11 |  766.8 |
        Temple |     58 |     31 |     27 |      0 |     28 |   1 |   58.0 |
          Lair |   2735 |   2671 |     64 |      0 |   2174 |   4 |  683.8 |
  Orcish Mines |   1404 |   1309 |     95 |     92 |    928 |   2 |  702.0 |
      Gauntlet |    118 |    118 |      0 |      0 |     96 |   1 |  118.0 |
               +--------+--------+--------+--------+--------+-----+--------+

Top non-repeatable levels by time:
  Lair:2: 1053 daAuts
  Lair:1: 943 daAuts
     D:6: 936 daAuts
     D:5: 906 daAuts
     D:9: 882 daAuts
   Orc:2: 859 daAuts
    D:10: 834 daAuts
     D:1: 834 daAuts
     D:7: 804 daAuts
    D:11: 728 daAuts
  Lair:3: 704 daAuts
     D:8: 674 daAuts
     D:3: 644 daAuts
     D:4: 608 daAuts
     D:2: 579 daAuts
